 Dungeon Crawl Stone Soup version 0.24-a0-497-g5a03d68f59 (webtiles) character file.

Game seed: 12322063874258143264

39400 KristoblXynda the Carver (level 13, -2/113 HPs)
             Began as a Red Draconian Skald on July 13, 2019.
             Was a Priest of Ashenzari.
             Slain by a two-headed ogre
             ... wielding a +0 giant club
              (13 damage)
             ... on level 15 of the Dungeon.
             The game lasted 00:40:20 (20710 turns).

KristoblXynda the Carver (Red Draconian Skald)     Turns: 20710, Time: 00:40:21

Health: -2/113     AC: 14    Str: 14    XL:     13   Next: 69%
Magic:  0/25       EV: 15    Int: 18    God:    Ashenzari [***...]
Gold:   1253       SH:  6    Dex: 11    Spells: 18/28 levels left

rFire    + . .     SeeInvis +   C - +3 scimitar (flame) (curse)
rCold    + + .     Gourm    .   J - +1 buckler (curse)
rNeg     . . .     Faith    .   (armour unavailable)
rPois    .         Spirit   +   (helmet restricted)
rElec    .         Reflect  .   i - +0 cloak
rCorr    .         Harm     .   G - +2 pair of gloves
MR       +....                  (no boots)
Stlth    +.........             A - amulet of Dawn {Spirit rC+ MR+} (curse)
HPRegen  0.28/turn              x - +2 ring of protection
MPRegen  0.19/turn              I - ring of protection from cold

@: no status effects
A: breathe fire, unfitting armour, fire resistance 1, cold-blooded, AC +8
a: Breathe Fire, Curse Item, Scrying, Renounce Religion


You were on level 15 of the Dungeon.
You worshipped Ashenzari.
Ashenzari was most pleased with you.
You were not hungry.

You visited 2 branches of the dungeon, and saw 16 of its levels.
You also visited: Bailey.

You collected 1253 gold pieces.

Inventory:

Hand Weapons
 v - a +2 scimitar of slicing
 C - a cursed +3 scimitar of flaming (weapon)
Armour
 i - a +0 cloak (worn)
 G - a +2 pair of gloves (worn)
 J - a cursed +1 buckler (worn)
Jewellery
 h - a +5 amulet of reflection
 x - a +2 ring of protection (left hand)
 y - an uncursed ring of ice
 A - the cursed amulet of Dawn (around neck) {Spirit rC+ MR+}
   (You took it off an orc priest on level 5 of the Dungeon)

   [amulet of guardian spirit]

   It causes incoming damage to be split between your health and magic.
   It protects you from cold.
   It affects your resistance to hostile enchantments.
   It has a curse placed upon it.
 H - an uncursed amulet of guardian spirit
 I - a ring of protection from cold (right hand)
Wands
 k - a wand of paralysis (2)
 o - a wand of digging (2)
 z - a wand of scattershot (4)
 D - a wand of disintegration (25)
 E - a wand of acid (15)
 F - a wand of iceblast (6)
Scrolls
 a - 3 scrolls of holy word
 d - a scroll of immolation
 f - 2 scrolls of amnesia
 l - 2 scrolls of fog
 p - a scroll of magic mapping
 q - 6 scrolls of teleportation
 t - 6 scrolls of enchant armour
 u - a scroll of remove curse
 L - a scroll of brand weapon
 M - a scroll of identify
Potions
 e - 2 potions of magic
 g - 5 potions of mutation
 j - 2 potions of invisibility
 m - a potion of berserk rage {unknown}
 n - 2 potions of agility
 r - 3 potions of haste
 s - 6 potions of curing
 w - a potion of might
 B - a potion of ambrosia
 K - a potion of flight
 N - a potion of brilliance
 O - a potion of lignification
Miscellaneous
 b - a sack of spiders
Comestibles
 c - 23 rations


   Skills:
 - Level 10.0 Fighting
 - Level 13.0(15.5) Long Blades
 + Level 7.5 Dodging
 - Level 4.0(5.7) Shields
 + Level 8.1 Spellcasting
 + Level 6.7 Conjurations
 - Level 10.0 Charms
 - Level 5.0 Evocations


You had 18 spell levels left.
You knew the following spells:

 Your Spells              Type           Power        Failure   Level  Hunger
b - Regeneration          Chrm/Necr      ####......   3%          3    #......
c - Spectral Weapon       Hex/Chrm       ####....     3%          3    #......
d - Force Lance           Conj/Tloc      ###.....     24%         4    ###....

Your spell library contained the following spells:

 Spells                   Type           Power        Failure   Level  Hunger
 Infusion                 Chrm           ####         1%          1    None
 Magic Dart               Conj           ####         1%          1    None
 Searing Ray              Conj           ####..       1%          2    None
 Shroud of Golubria       Chrm/Tloc      ####..       1%          2    None
 Song of Slaying          Chrm           #####...     1%          2    None
 Swiftness                Chrm/Air       ####....     1%          2    None
 Shock                    Conj/Air       ###.         2%          1    None
 Iskenderun's Mystic Bla  Conj           ####....     6%          4    ###....
 Conjure Flame            Conj/Fire      ###.....     8%          3    #......
 Dazzling Spray           Conj/Hex       ###...       8%          3    #......
 Static Discharge         Conj/Air       ###.....     8%          3    #......
 Beastly Appendage        Tmut           #.....       10%         1    None
 Mephitic Cloud           Conj/Pois/Air  ###.....     12%         3    #......
 Blink                    Tloc           N/A          14%         2    None
 Call Imp                 Summ           #.......     14%         2    None
 Slow                     Hex            #.......     14%         2    None
 Sticks to Snakes         Tmut           #.......     14%         2    None
 Fulminant Prism          Conj/Hex       ###.......   24%         4    ###....
 Spider Form              Tmut/Pois      #.........   28%         3    #......
 Lightning Bolt           Conj/Air       ###.......   56%         5    #####..
 Airstrike                Air            #.........   67%         4    ###....
 Cause Fear               Hex            #.........   67%         4    ###....
 Ice Form                 Ice/Tmut       #.......     67%         4    ###....
 Deflect Missiles         Chrm/Air       ####......   88%         6    ######.
 Blade Hands              Tmut           #.........   95%         5    #####..
 Silence                  Hex/Air        #.........   95%         5    #####..
 Yara's Violent Unravell  Hex/Tmut       #.........   95%         5    #####..
 Discord                  Hex            #.........   100%        8    #######


Dungeon Overview and Level Annotations

Branches:
Dungeon (15/15)            Temple (1/1) D:6            Lair (0/6) D:10
    Orc (0/2) D:11         Vaults (0/5) D:13
 Depths: D:15

Altars:
Ashenzari
Cheibriados
Dithmenos
Elyvilon
Fedhas
Gozag
Hepliaklqana
Kikubaaqudgha
Makhleb
Nemelex Xobeh
Okawaru
Qazlal
Ru
Sif Muna
Trog
Uskayaw
Vehumet
Wu Jian
Xom
Yredelemnul
Zin
The Shining One

Shops:
D:11 (

Annotations:
D:3 3 runed translucent doors, sloany69's ghost, amateur DsGl


Innate Abilities, Weirdness & Mutations

You can breathe blasts of fire.
Your fiery red scales are hard. (AC +8)
You cannot fit into any form of body armour.
Your flesh is heat resistant. (rF+)
You are cold-blooded and may be slowed by cold attacks.


Message History

* * * LOW HITPOINT WARNING * * *
Unknown command.
Okay, then.
You feel much better. The two-headed ogre closely misses you.
The two-headed ogre hits you with a +0 giant club!!
* * * LOW HITPOINT WARNING * * *
Evoke which item? (* to show all) (? for menu, Esc to quit)
Aiming: Paralyse
Press: ? - help, Shift-Dir - straight line, f/p - two-headed ogre
Aim: a two-headed ogre, wielding two +0 giant clubs (moderately wounded, chance to defeat MR: 43%)
The two-headed ogre resists with some effort.
The two-headed ogre barely misses you. The two-headed ogre misses you.
Evoke which item? (* to show all) (? for menu, Esc to quit)
Aiming: Paralyse
Press: ? - help, Shift-Dir - straight line, f/p - two-headed ogre
Aim: a two-headed ogre, wielding two +0 giant clubs (moderately wounded, chance to defeat MR: 43%)
The two-headed ogre resists with some effort.
You open the door.
The two-headed ogre hits you with a +0 giant club!
You die...

* #.......# ###.###### , *,
#.####..# #.# ,,* #.# #..# #.# *
* #.# ##..## ##'## #.# #..#.#
##...## *. #.# #...## ##.....##
## #.# #...## *#.......## ##.
######.###....####.........####..
...............O@'.........'.....
..####.###....####........^####..
#.# ##...# ##.......## ##. * *
#.####)#.# ##.....## ##
#........# ##...## ##. *
######)###* ##+#* #.# * #.#...#
#.# ##. , **#)#...# #.# ## * *,
..#...# ##.## #


You could see a two-headed ogre.

Vanquished Creatures
  An ettin (D:15)
  Snorg (D:13)
  A vault guard (D:13)
  A hydra (D:8)
  A catoblepas (D:15)
  Erica (D:10)
  A centaur warrior (D:14)
  6 two-headed ogres
  An ogre mage (D:15)
  3 unseen horrors
  A deep elf archer (D:15)
  An orc sorcerer (D:15)
  A wolf spider (D:14)
  3 manticores
  A deep elf mage (D:14)
  7 ugly things
  A spiny frog (shapeshifter) (D:13)
  2 centaur skeletons
  A gargoyle (D:9)
  A komodo dragon (D:12)
  5 rime drakes
  A freezing wraith (D:15)
  A yaktaur (D:14)
  An efreet (D:13)
  8 trolls
  A hornet (D:9)
  10 hippogriffs
  2 dream sheep (D:8)
  A blink frog (shapeshifter) (D:9)
  3 wraiths
  8 wyverns
  Eustachio (D:5)
  6 basilisks (D:14)
  16 yaks
  3 vampire mosquitoes (D:13)
  3 hungry ghosts
  2 acid dragons
  3 porcupines (D:10)
  A hell hound (D:14)
  15 orc warriors
  3 ice beasts
  3 phantoms
  2 necrophages
  5 ogres
  3 black bears
  3 sky beasts
  13 centaurs
  2 crocodiles
  6 big kobolds
  9 bullfrogs
  A wyvern zombie (D:13)
  A wyvern skeleton (D:13)
  7 scorpions
  2 troll zombies (D:11)
  6 killer bees (D:10)
  12 wights
  5 howler monkeys
  5 crimson imps
  2 centaur zombies (D:9)
  2 bullfrog zombies (D:12)
  A quasit (D:11)
  10 orc priests
  3 jellies
  10 orc wizards
  9 hounds
  2 bullfrog skeletons
  3 iguanas
  7 worker ants
  5 ogre zombies (D:11)
  2 hound zombies
  A hound skeleton (D:5)
  A howler monkey zombie (D:9)
  A worker ant zombie (D:7)
  8 gnolls
  11 adders
  2 shadow imps
  2 oozes
  2 adder skeletons (D:5)
  5 worms
  3 dart slugs
  9 leopard geckos
  51 orcs
  6 bats
  4 giant cockroaches
  8 goblins
  2 hobgoblins
  6 jackals
  15 kobolds
  7 quokkas
  6 frilled lizards
  A goblin skeleton (D:11)
  A goblin zombie (D:11)
  4 hobgoblin skeletons (D:11)
  A hobgoblin zombie (D:11)
  7 orc skeletons (D:11)
  11 orc zombies (D:11)
  A quokka skeleton (D:9)
  7 rats
454 creatures vanquished.

Vanquished Creatures (others)
  A wight (D:12)
  An orc (D:14)
  31 fungi (D:10)
  5 plants (D:10)
38 creatures vanquished.

Grand Total: 492 creatures vanquished

Notes
Turn   | Place    | Note
-------+----------+-------------------------------------------
     0 | D:1      | KristoblXynda the Draconian Skald began the quest for the
                  | Orb.
     0 | D:1      | Reached XP level 1. HP: 17/17 MP: 3/3
   280 | D:1      | Reached XP level 2. HP: 21/24 MP: 5/5
   744 | D:1      | Reached XP level 3. HP: 21/29 MP: 6/6
   865 | D:2      | Reached skill level 3 in Long Blades
  1294 | D:2      | Reached XP level 4. HP: 35/36 MP: 7/7
  2105 | D:3      | Learned a level 3 spell: Regeneration
  2109 | D:3      | Learned a level 3 spell: Spectral Weapon
  2191 | D:3      | Reached XP level 5. HP: 37/41 MP: 8/8
  2259 | D:3      | Reached skill level 4 in Long Blades
  2584 | D:3      | Found a bloodstained altar of Trog.
  2833 | D:3      | Found a runed translucent gate.
  2833 | D:3      | Found a runed translucent gate.
  2833 | D:3      | Found a runed translucent gate.
  2841 | D:3      | Noticed sloany69's ghost (amateur DsGl)
  4156 | D:4      | Noticed a phantom
  4346 | D:4      | Reached XP level 6. HP: 23/48 MP: 9/9
  5007 | D:4      | Reached skill level 5 in Long Blades
  5545 | D:5      | Entered Level 5 of the Dungeon
  5702 | D:5      | Your scales start taking on a fiery red colour.
  5702 | D:5      | Reached XP level 7. HP: 50/55 MP: 6/10
  5702 | D:5      | Gained mutation: Your flesh is heat resistant. (rF+) [Red
                  | Draconian growth]
  5959 | D:5      | Identified the amulet of Dawn {Spirit rC+ MR+}
  5966 | D:5      | Reached skill level 6 in Long Blades
  6059 | D:5      | Found a hazy altar of Hepliaklqana.
  6061 | D:5      | Found a radiant altar of Vehumet.
  6227 | D:5      | Noticed Eustachio
  6246 | D:5      | Killed Eustachio
  6246 | D:5      | Reached skill level 5 in Charms
  6246 | D:5      | Reached XP level 8. HP: 46/61 MP: 11/11
  6332 | D:5      | Reached skill level 7 in Long Blades
  6773 | D:6      | Reached skill level 5 in Dodging
  6860 | D:6      | Learned a level 4 spell: Force Lance
  6872 | D:6      | Found a staircase to the Ecumenical Temple.
  6977 | Temple   | Entered the Ecumenical Temple
  6998 | Temple   | Became a worshipper of Ashenzari the Shackled
  8460 | D:7      | Reached skill level 8 in Long Blades
  8547 | D:7      | Noticed a hippogriff
  8555 | D:7      | Killed a hippogriff
  8995 | D:7      | Reached XP level 9. HP: 64/71 MP: 10/12
  9258 | D:8      | Found a flagged portal.
  9288 | Bailey   | Entered a bailey
  9355 | Bailey   | Reached skill level 9 in Long Blades
  9768 | Bailey   | Reached skill level 5 in Fighting
 10305 | Bailey   | Reached skill level 10 in Long Blades
 10342 | Bailey   | HP: 2/75 [centaur/+0 trident (11)]
 10896 | D:8      | Reached skill level 1 in Evocations
 10896 | D:8      | Reached XP level 10. HP: 79/83 MP: 11/13
 11140 | D:8      | Noticed a two-headed hydra
 11144 | D:8      | Killed a one-headed hydra
 11220 | D:8      | Found an opulent altar of Gozag.
 11222 | D:8      | Found a hide-covered altar of Uskayaw.
 11225 | D:8      | Found a snail-covered altar of Cheibriados.
 11231 | D:8      | Found a glowing silver altar of Zin.
 11343 | D:8      | Noticed a two-headed ogre
 11351 | D:8      | Killed a two-headed ogre
 11448 | D:8      | Found an iron altar of Okawaru.
 11624 | D:8      | Reached * piety under Ashenzari
 11837 | D:9      | Reached skill level 11 in Long Blades
 12269 | D:9      | Noticed a two-headed ogre
 12269 | D:9      | Noticed a gargoyle
 12281 | D:9      | Killed a gargoyle
 12281 | D:9      | Reached XP level 11. HP: 84/94 MP: 11/14
 12305 | D:9      | Killed a two-headed ogre
 13453 | D:10     | Entered Level 10 of the Dungeon
 13465 | D:9      | Reached skill level 5 in Evocations
 13976 | D:10     | Killed an unseen horror
 14006 | D:10     | Found a staircase to the Lair.
 14296 | D:10     | Noticed Erica
 14303 | D:10     | Killed Erica
 14933 | D:11     | Found Ruaxixt's Weapon Shop.
 14994 | D:11     | Noticed a two-headed ogre
 15007 | D:11     | Killed a two-headed ogre
 15010 | D:11     | Reached skill level 12 in Long Blades
 15235 | D:11     | Found a staircase to the Orcish Mines.
 15509 | D:11     | Reached XP level 12. HP: 82/106 MP: 14/18
 15590 | D:11     | Reached skill level 1 in Shields
 15601 | D:11     | Reached ** piety under Ashenzari
 16293 | D:12     | Reached skill level 10 in Fighting
 16293 | D:12     | Reached skill level 5 in Spellcasting
 16685 | D:13     | Reached skill level 1 in Conjurations
 17485 | D:13     | Reached skill level 10 in Charms
 17487 | D:13     | Found a gate to the Vaults.
 17487 | D:13     | Noticed a vault guard
 17501 | D:13     | Killed a vault guard
 17574 | D:13     | Noticed a two-headed ogre
 17585 | D:13     | Killed a two-headed ogre
 17932 | D:13     | Noticed a two-headed ogre
 17939 | D:13     | Killed a two-headed ogre
 18047 | D:13     | Reached *** piety under Ashenzari
 18212 | D:14     | Noticed a centaur warrior
 18830 | D:14     | Noticed Snorg
 18839 | D:13     | Killed Snorg
 18839 | D:13     | Reached XP level 13. HP: 58/113 MP: 12/22
 18888 | D:14     | Reached skill level 13 in Long Blades
 19550 | D:14     | Reached skill level 5 in Conjurations
 20390 | D:15     | Entered Level 15 of the Dungeon
 20657 | D:15     | Noticed an ettin
 20671 | D:15     | Killed an ettin
 20710 | D:15     | Slain by a two-headed ogre

Levels and vault maps discovered:
D:1:      dpeg_arrival_lava_temple_mockup, layout_basic,
          minmay_misc_feat_encased
D:2:      layout_basic, minmay_quadrilaterals
D:3:      layout_loops_corners, overflow_temple_1_default,
          gammafunk_ghost_necromancy
D:4:      layout_basic, first_ration
D:5:      layout_loops_ring, chequers_temple_overflow_statue_of_worship,
          uniq_eustachio
D:6:      layout_loops_cross, temple_pool_b
D:7:      layout_loops_ring
D:8:      layout_rooms, grunt_temple_overflow_open, kennysheep_mini,
          enter_bailey_2, hangedman_ranch [blue_anna_fruit_fields]
D:9:      layout_irregular_city, minmay_shattered_shrine
D:10:     layout_basic, due_lair_maze_entry_diamond, uniq_erica
D:11:     layout_rooms, zombieorc2_lemuel, serial_shops, shop,
          hangedman_corner_corridor
D:12:     layout_gridville
D:13:     layout_cave_pools, david_vaults_5
D:14:     layout_rooms, special_room [special_room_mythical_zoo],
          grunt_decor_mini_mirrors, glass_columns_a, uniq_snorg
D:15:     hangedman_depths_entry_civil_slaughter, layout_loops_corners,
          grunt_dithmenos_smoke_and_mirrors, serial_shops,
          nicolae_shop_overgrown_old_shop
Temple:   eino_temple_water

Skill      XL: |  1  2  3  4  5  6  7  8  9 10 11 12 13 |
---------------+----------------------------------------+-----
Charms         | 3 4 5 6 7 8 9 10 | 10.0
Long Blades    | 3 4 5 6 8 10 11 12 13 | 13.0
Dodging        | 3 4 5 7 |  7.5
Fighting       | 3 6 7 9 10 | 10.0
Evocations     | 1 4 5 |  5.0
Spellcasting   | 4 6 8 |  8.1
Shields        | 4 |  4.0
Conjurations   | 4 6 |  6.7

Action                   |  1- 3 |  4- 6 |  7- 9 | 10-12 | 13-15 || total
-------------------------+-------+-------+-------+-------+-------++-------
Melee: Falchion          |    90 |   248 |   197 |   166 |       ||   701
       Tailslap          |    10 |    31 |    45 |   118 |    23 ||   227
       Great sword       |       |       |   168 |    40 |       ||   208
       Scimitar          |       |       |       |   626 |   187 ||   813
 Cast: Regeneration      |       |     3 |     1 |       |     3 ||     7
Invok: Curse Item        |       |       |     1 |     2 |       ||     3
 Abil: Breathe Fire      |       |       |    27 |    33 |    10 ||    70
Evoke: Wand              |       |       |     6 |    12 |    10 ||    28
  Use: Scroll            |       |     7 |     8 |    12 |     4 ||    31
       Potion            |       |     1 |     1 |     2 |     1 ||     5
 Stab: Sleeping          |     1 |     1 |     2 |     1 |       ||     5
       Paralysed         |       |       |       |       |     5 ||     5
  Eat: Chunk             |     1 |     7 |     7 |    18 |     7 ||    40
       Ration            |       |     2 |     5 |     4 |     1 ||    12
Armor: Skin              |    33 |   104 |   165 |   317 |    37 ||   656
Dodge: Dodged            |    56 |   163 |   325 |   541 |    75 ||  1160
Block: Buckler           |       |       |       |    80 |    39 ||   119
       Rpst.: Falchion   |    18 |    59 |    39 |    33 |       ||   149
       Great sword       |       |       |    41 |     9 |       ||    50
       Scimitar          |       |       |       |   104 |    13 ||   117

Table legend:
 A = Non-vault XP
 B = Vault XP
 C = Vault XP percentage of total XP
 D = Non-vault monster count
 E = Vault monster count
 F = Vault count percentage of total count
                 A         B        C        D         E       F
            +---------+---------+-------+---------+---------+-------
      Total |   32359 |   23928 |  42.5 |     309 |     146 |  32.1
            +---------+---------+-------+---------+---------+-------
        D:1 |      42 |       0 |   0.0 |      21 |       0 |   0.0
        D:2 |     129 |      19 |  12.8 |      17 |       2 |  10.5
        D:3 |     123 |       0 |   0.0 |      20 |       0 |   0.0
        D:4 |     345 |       0 |   0.0 |      14 |       0 |   0.0
        D:5 |     831 |     211 |  20.2 |      24 |       1 |   4.0
        D:6 |     209 |       0 |   0.0 |       8 |       0 |   0.0
        D:7 |     929 |       0 |   0.0 |      22 |       0 |   0.0
        D:8 |    1828 |    2171 |  54.3 |      19 |       8 |  29.6
        D:9 |    1813 |    2165 |  54.4 |      17 |      12 |  41.4
       D:10 |    3398 |    1942 |  36.4 |      33 |      10 |  23.3
       D:11 |    3054 |    2726 |  47.2 |      19 |      43 |  69.4
       D:12 |    2411 |       0 |   0.0 |      27 |       0 |   0.0
       D:13 |    5708 |    3924 |  40.7 |      31 |       9 |  22.5
       D:14 |    9085 |    4378 |  32.5 |      33 |      17 |  34.0
       D:15 |    2454 |    4126 |  62.7 |       4 |       5 |  55.6
     Bailey |       0 |    2266 | 100.0 |       0 |      39 | 100.0
            +---------+---------+-------+---------+---------+-------
